 Dungeon Crawl Stone Soup version 0.25-a0-96-g4073cf80fb (webtiles) character file.

Game seed: 170941213963993423, levelgen mode: deterministic

6195 goomiho the Cleaver (level 10, -7/86 HPs)
             Began as a Hill Orc Fighter on Nov 12, 2019.
             Was an Elder of Cheibriados.
             Mangled by Gastronok (25 damage)
             ... on level 8 of the Dungeon.
             The game lasted 00:21:55 (8056 turns).

goomiho the Cleaver (Hill Orc Fighter)              Turns: 8056, Time: 00:21:56

Health: -7/86      AC: 17    Str: 36    XL:     10   Next: 91%
Magic:  13/15      EV:  9    Int: 22    God:    Cheibriados [****..]
Gold:   445        SH:  0    Dex: 20    Spells: 9/9 levels left

rFire    + . .     SeeInvis .   a - +1 war axe
rCold    . . .     Gourm    .   c - +0 shield
rNeg     . . .     Faith    .   y - +6 scale mail "Xyocoss Titu" {rPois rF+}
rPois    +         Spirit   .   (no helmet)
rElec    +         Reflect  .   C - +1 cloak {+Inv}
rCorr    .         Harm     .   (no gloves)
MR       +....                  (no boots)
Stlth    ..........             l - amulet "Iwnuciqidd" {Acrobat +Fly rElec MR+ Int+4}
HPRegen  0.24/turn              j - +3 ring of strength
MPRegen  0.14/turn              H - +5 ring of protection

@: confused, corroded, very slow
A: no striking features
a: Bend Time, Temporal Distortion, Slouch, Renounce Religion, Evoke
Invisibility, Evoke Flight


You were on level 8 of the Dungeon.
You worshipped Cheibriados.
Cheibriados was greatly pleased with you.
You were not hungry.

You visited 1 branch of the dungeon, and saw 8 of its levels.
You also visited: Sewer.

You collected 445 gold pieces.

Inventory:

Hand Weapons
 a - a +1 war axe (weapon)
Missiles
 n - 22 poisoned darts (quivered)
 B - 8 boomerangs
 M - 2 throwing nets
Armour
 c - a +0 shield (worn)
 i - a +1 robe of fire resistance
 y - the +6 scale mail "Xyocoss Titu" (worn) {rPois rF+}
   (You found it on level 4 of the Dungeon)

   It protects you from fire.
   It protects you from poison.
 C - a +1 cloak of invisibility (worn)
Jewellery
 j - a +3 ring of strength (left hand)
 l - the amulet "Iwnuciqidd" (around neck) {Acrobat +Fly rElec MR+ Int+4}
   (You took it off an orc warrior on level 8 of the Dungeon)

   [amulet of the acrobat]

   It helps you evade while moving and waiting.
   It affects your intelligence (+4).
   It insulates you from electricity.
   It affects your resistance to hostile enchantments.
   It lets you fly.
 q - an uncursed ring of protection from cold
 z - an uncursed ring of see invisible
 H - a +5 ring of protection (right hand)
Wands
 x - a wand of flame (21)
 A - a wand of disintegration (11)
Scrolls
 e - 3 scrolls of remove curse
 g - 4 scrolls of teleportation
 k - 3 scrolls of enchant weapon
 m - 2 scrolls of fog {unknown}
 s - a scroll of noise {unknown}
 t - 2 scrolls of fear {unknown}
 v - a scroll of blinking {unknown}
 w - 2 scrolls of random uselessness {unknown}
 F - a scroll of enchant armour {unknown}
 I - a scroll of torment {unknown}
 K - a scroll of magic mapping {unknown}
Potions
 d - a potion of might
 h - 8 potions of flight
 o - 3 potions of heal wounds {unknown}
 p - a potion of ambrosia
 r - 4 potions of curing
 u - a potion of haste {unknown}
 D - a potion of brilliance {unknown}
 G - 2 potions of lignification
 J - a potion of agility
Comestibles
 b - 2 chunks of flesh
 f - 10 rations


   Skills:
 * Level 7.3 Fighting
 + Level 11.4 Axes
 * Level 5.6 Throwing
 * Level 8.3 Armour
 - Level 0.1 Dodging
 + Level 7.6 Shields
 * Level 6.6 Invocations
 + Level 0.6 Evocations


You had 9 spell levels left.
You didn't know any spells.
Your spell library was empty.

Dungeon Overview and Level Annotations

Branches:
Dungeon (8/15)             Temple (0/1) D:7           Sewer (visited)
   Lair: D:8-11

Altars:
Cheibriados
Dithmenos
Nemelex Xobeh
Ru
Sif Muna

Annotations:
D:8 Gastronok


Message History

Cheibriados rebukes the acid dragon.
The acid dragon seems to slow down.
You feel slightly more hungry. The acid dragon spits acid at you.
The splash of acid hits you!
* * * LOW HITPOINT WARNING * * *
The acid corrodes you!
You are splashed with acid!
* * * LOW HITPOINT WARNING * * *
Gastronok mumbles some strange words.
Your skin takes on a slight green cast.
You are confused.
You feel invigorated.
The acid dragon bites you but does no damage.
The acid dragon closely misses you.
You barely miss Gastronok.
Gastronok is almost dead.
You hit the acid dragon but do no damage.
Unknown command.
You bump into the stone wall.
The acid dragon misses you. The acid dragon barely misses you.
Gastronok bites you!!
You die...

#..##..).....#
#.###########.#...
..###########.##.#
#....##..... .## .. ##..#
#.##.....#.. ## ..#
##..## ###.##.##..# # #
###.###..## #..........#
#
#.....##..####.##.#.##.##
.#
.......##.........#.##.#
#.#
☼○○.....##......###..(.#
.# ...R.....#@.#...#
###### #
...(w..))#wD###.#
.(..((w)))b(# .#
....(..☼)#.(# ##
......☼..#..#
........##..#
....○..##...# #.....#
...(# ###○## ...##


You could see Gastronok, an acid dragon and a bat.

Vanquished Creatures
  Pikel (D:6)
  Joseph (D:8)
  A gargoyle (D:8)
  An efreet (D:8)
  Prince Ribbit (D:6)
  A hippogriff (D:8)
  Sigmund (D:2)
  A yak (D:8)
  Grum (D:8)
  Edmund (D:5)
  A water moccasin (D:6)
  A black bear (D:8)
  Purgy (Sewer)
  An ice beast (D:8)
  3 orc warriors
  A sky beast (D:6)
  4 wolves (D:8)
  6 ogres
  A phantom (D:5)
  3 centaurs
  A big kobold (D:8)
  2 bullfrogs (D:8)
  2 gnoll sergeants
  3 scorpions
  3 wights (D:6)
  2 howler monkeys (D:4)
  6 crimson imps
  A centaur zombie (D:6)
  3 hounds
  7 orc priests
  A bullfrog skeleton (D:4)
  6 orc wizards
  3 iguanas
  7 worker ants
  A killer bee zombie (D:7)
  2 hound skeletons (D:5)
  A howler monkey zombie (D:6)
  18 gnolls
  11 adders
  A river rat (D:5)
  2 oozes
  2 adder skeletons
  3 worms
  4 dart slugs
  6 leopard geckos
  24 orcs
  5 giant cockroaches
  2 goblins (D:3)
  3 hobgoblins (D:3)
  3 jackals (D:4)
  5 quokkas
  7 ball pythons
  8 bats
  5 frilled lizards
  10 kobolds
  A quokka skeleton (D:8)
  10 rats
  A butterfly (D:7)
214 creatures vanquished.

Vanquished Creatures (others)
  3 slaves (D:6)
  2 orc wizards (D:6)
  A leopard gecko (D:6)
6 creatures vanquished.

Grand Total: 220 creatures vanquished

Notes
Turn   | Place    | Note
-------+----------+-------------------------------------------
     0 | D:1      | goomiho the Hill Orc Fighter began the quest for the Orb.
     0 | D:1      | Reached XP level 1. HP: 19/19 MP: 1/1
   178 | D:1      | Found a sparkling altar of Nemelex Xobeh.
   203 | D:1      | Reached XP level 2. HP: 25/27 MP: 2/2
   370 | D:1      | Reached skill level 3 in Axes
   729 | D:2      | Reached XP level 3. HP: 31/33 MP: 3/3
   781 | D:2      | Noticed Sigmund
   794 | D:2      | Killed Sigmund
   794 | D:2      | Reached skill level 4 in Axes
   794 | D:2      | Reached XP level 4. HP: 32/40 MP: 4/4
   794 | D:2      | Reached XP level 5. HP: 37/46 MP: 5/5
  1177 | D:2      | Reached skill level 5 in Axes
  1177 | D:2      | Reached skill level 1 in Throwing
  1344 | D:2      | Reached XP level 6. HP: 53/53 MP: 6/6
  1431 | D:2      | Found a sparkling altar of Nemelex Xobeh.
  1887 | D:3      | Found a snail-covered altar of Cheibriados.
  2168 | D:3      | Became a worshipper of Cheibriados the Contemplative
  2504 | D:4      | Reached skill level 6 in Axes
  2537 | D:4      | Reached XP level 7. HP: 35/60 MP: 7/7
  2666 | D:4      | Got a crude scale mail
  2677 | D:4      | Identified the +6 scale mail "Xyocoss Titu" {rPois rF+}
                  | (You found it on level 4 of the Dungeon)
  3334 | D:5      | Entered Level 5 of the Dungeon
  3375 | D:5      | Reached * piety under Cheibriados
  3375 | D:5      | Reached skill level 5 in Armour
  3438 | D:5      | Reached skill level 5 in Fighting
  3446 | D:5      | Reached skill level 7 in Axes
  3446 | D:5      | Reached skill level 5 in Shields
  3608 | D:5      | Found a glowing drain.
  3672 | Sewer    | Entered a sewer
  3817 | Sewer    | Reached ** piety under Cheibriados
  3837 | Sewer    | Noticed Purgy
  3846 | Sewer    | Killed Purgy
  3846 | Sewer    | Reached XP level 8. HP: 64/68 MP: 8/8
  3993 | D:5      | Reached skill level 8 in Axes
  4081 | D:5      | Reached skill level 1 in Invocations
  4194 | D:5      | Noticed Edmund
  4205 | D:5      | Killed Edmund
  4740 | D:6      | Reached skill level 9 in Axes
  4820 | D:6      | Reached *** piety under Cheibriados
  4820 | D:6      | Reached XP level 9. HP: 75/75 MP: 11/11
  4851 | D:6      | Noticed Pikel
  4866 | D:6      | Killed Pikel
  5014 | D:6      | Found a shimmering blue altar of Sif Muna.
  5400 | D:6      | Noticed Prince Ribbit
  5423 | D:6      | Killed Prince Ribbit
  5423 | D:6      | Reached skill level 10 in Axes
  5847 | D:7      | Found a shadowy altar of Dithmenos.
  5979 | D:7      | Found a staircase to the Ecumenical Temple.
  6529 | D:7      | Reached skill level 5 in Invocations
  6638 | D:8      | Reached XP level 10. HP: 78/84 MP: 13/13
  6686 | D:8      | Found a sacrificial altar of Ru.
  6773 | D:8      | Reached **** piety under Cheibriados
  6834 | D:8      | Noticed Grum
  6878 | D:8      | Noticed a two-headed ogre
  6883 | D:8      | Killed Grum
  6889 | D:8      | Identified the amulet "Iwnuciqidd" {Acrobat +Fly rElec MR+
                  | Int+4}
  6889 | D:8      | Noticed a gargoyle
  6892 | D:8      | Identified the ring of Ilioca {*Drain rF++ rN+ Slay+5}
  7082 | D:8      | Reached skill level 11 in Axes
  7540 | D:8      | Killed a gargoyle
  7649 | D:8      | Reached skill level 5 in Throwing
  7841 | D:8      | Reached ***** piety under Cheibriados
  7845 | D:8      | Noticed Joseph
  7863 | D:8      | Killed Joseph
  8030 | D:8      | Noticed Gastronok
  8056 | D:8      | Mangled by Gastronok

Levels and vault maps discovered:
D:1:      shiori_arrival_oz, layout_basic, corexii_hall_statues_s,
          nemelex_altar_shiori
D:2:      layout_loops_ring, nemelex_dance_club_becter, uniq_sigmund
D:3:      layout_rooms, first_ration, minmay_misc_feat_alley,
          kennysheep_slug_shrine
D:4:      minmay_door_path, layout_basic, st_stairs_1
D:5:      layout_loops_corners, portal_sewer_entry_b, grunt_decor_mini_mirrors,
          uniq_edmund
D:6:      kennysheep_orc_sif_temple, layout_rooms, uniq_prince_ribbit1,
          uniq_pikel
D:7:      layout_loops_corners, kennysheep_little_box,
          minmay_temple_entry_butterflies
D:8:      minmay_the_grid_octo_2x2 [minmay_the_grid_octo_empty,
          minmay_the_grid_octo_toaster, minmay_the_grid_octo_fat_diamond,
          minmay_the_grid_octo_prize_ultimate_mussel_roller], layout_basic,
          basic_altar, uniq_grum, uniq_joseph, uniq_gastronok

Skill      XL: |  1  2  3  4  5  6  7  8  9 10 |
---------------+-------------------------------+-----
Axes           | 3 4 5 6 7 9 10 11 | 11.4
Fighting       | 4 5 6 7 |  7.3
Armour         | 4 5 6 7 8 |  8.3
Shields        | 4 5 6 7 |  7.6
Throwing       | 1 2 4 5 |  5.6
Invocations    | 3 5 6 |  6.6
Dodging        | |  0.1
Evocations     | |  0.6

Action                   |  1- 3 |  4- 6 |  7- 9 | 10-12 || total
-------------------------+-------+-------+-------+-------++-------
Melee: War axe           |    52 |   143 |   427 |   172 ||   794
Throw: Dart              |    10 |    22 |    54 |    48 ||   134
       Boomerang         |       |       |     4 |     8 ||    12
Invok: Bend Time         |       |       |     4 |     6 ||    10
Evoke: Wand              |       |       |     5 |     6 ||    11
  Use: Scroll            |       |       |       |     9 ||     9
       Potion            |       |       |       |     1 ||     1
  Eat: Chunk             |       |     5 |    10 |     2 ||    17
Armor: Scale mail        |    28 |    51 |   161 |   116 ||   356
       Chain mail        |       |    13 |       |       ||    13
Dodge: Dodged            |    19 |    45 |   107 |    45 ||   216
Block: Shield            |    34 |    80 |   235 |   144 ||   493

Table legend:
 A = Non-vault XP
 B = Vault XP
 C = Vault XP percentage of total XP
 D = Non-vault monster count
 E = Vault monster count
 F = Vault count percentage of total count
                 A         B        C        D         E       F
            +---------+---------+-------+---------+---------+-------
      Total |    4342 |    4509 |  50.9 |     162 |      51 |  23.9
            +---------+---------+-------+---------+---------+-------
        D:1 |      15 |       1 |   6.2 |       8 |       1 |  11.1
        D:2 |      91 |     222 |  70.9 |      17 |       3 |  15.0
        D:3 |      35 |       4 |  10.3 |      17 |       1 |   5.6
        D:4 |     403 |      44 |   9.8 |      17 |       2 |  10.5
        D:5 |     658 |     221 |  25.1 |      24 |      11 |  31.4
        D:6 |     936 |     977 |  51.1 |      24 |       3 |  11.1
        D:7 |     808 |       0 |   0.0 |      25 |       0 |   0.0
        D:8 |    1396 |    2870 |  67.3 |      30 |      21 |  41.2
      Sewer |       0 |     170 | 100.0 |       0 |       9 | 100.0
            +---------+---------+-------+---------+---------+-------
